 Dungeon Crawl Stone Soup version 0.31-a0-833-gc15d34cb79 (webtiles) character file.

Game seed: 7417554742041399803

82 Kurtz the Chopper (level 4, -3/31 HPs)
             Began as an Octopode Fighter on Sept 25, 2023.
             Slain by a sky beast (6 damage)
             ... on level 3 of the Dungeon.
             The game lasted 00:01:18 (2059 turns).

Kurtz the Chopper (Octopode Fighter)                Turns: 2059, Time: 00:01:19

Health: -3/31      AC:  1    Str: 15    XL:     4   Next: 43%
Magic:  4/4        EV: 13    Int: 10    God:
Gold:   190        SH:  4    Dex: 13    Spells: 3/3 levels left

rFire   . . .        a - +0 war axe
rCold   . . .        b - +0 buckler
rNeg    . . .        (helmet restricted)
rPois   .            (no amulet)
rElec   .            (no ring)
rCorr   .            (no ring)
SInv    .            (no ring)
Will    .....        (no ring)
Stlth   ++           (no ring)
HPRegen 0.25/turn    (no ring)
MPRegen 0.09/turn    (no ring)
                     (no ring)

%: no passive effects
@: mighty
A: almost no armour, amphibious, 8 rings, camouflage 1, gelatinous body 1,
(nimble swimmer 1), tentacles
a: no special abilities


You were on level 3 of the Dungeon.
You visited 1 branch of the dungeon, and saw 3 of its levels.

You collected 190 gold pieces.

Inventory:

Hand Weapons
 a - a +0 war axe (weapon)
Missiles
 l - 2 poisoned darts (quivered)
Armour
 b - a +0 buckler (worn)
Jewellery
 d - a ring of resist corrosion
Scrolls
 e - a scroll of noise {unknown}
 f - 2 scrolls of fear {unknown}
 g - a scroll of revelation {unknown}
 i - 2 scrolls of identify {unknown}
 k - a scroll of enchant armour {unknown}
Potions
 c - a potion of might
 h - a potion of heal wounds {unknown}
 j - a potion of attraction {unknown}
 m - a potion of enlightenment {unknown}


   Skills:
 - Level 3.0 Fighting
 * Level 4.5 Axes
 - Level 3.0 Dodging
 - Level 3.0 Shields


You had 3 spell levels left.
You didn't know any spells.
Your spell library was empty.

Dungeon Overview and Level Annotations

Branches:
Dungeon (3/15)

Altars:
Vehumet

Shops:
D:2 =

Annotations:
D:3 exclusion: statue


Innate Abilities, Weirdness & Mutations

You cannot wear most types of armour.
You are amphibious.
You can wear up to eight rings at the same time.
Your skin changes colour to match your surroundings (Stealth+).
Your rubbery body absorbs attacks. (AC +1, EV +1)
((You are camouflaged when in or above water. (Stealth+)))
You have tentacles for arms and can constrict up to eight enemies at once.


Message History

The charred statue gestures at you. The puff of flame hits you!
Marking area around a charred statue as unsafe for travelling.
You start resting.
HP restored.
You see here a +0 dagger.
Found a trident.
Found a stone staircase leading down.
No target in view!
No target in view!
No target in view!
No target in view!
Found a stone staircase leading down.
A sky beast is nearby!
A sky beast is nearby!
You block the sky beast's attack.
You closely miss the sky beast. The sky beast barely misses you.
You feel very mighty all of a sudden. The sky beast closely misses you.
You barely miss the sky beast. The sky beast barely misses you.
You barely miss the sky beast. Your squeeze misses the sky beast.
The sky beast barely misses you.
You closely miss the sky beast.
The sky beast flickers out of sight!
Deactivating autopickup; reactivate with Ctrl-A.
Something hits you. Something shocks you. Something hits you.
Something shocks you.
You miss something. You squeeze something! Something hits you.
Something shocks you.
* * * LOW HITPOINT WARNING * * *
Unknown command.
A sky beast appears from thin air!
Reactivating autopickup.
The sky beast attacks as it pursues you!
You block the sky beast's attack.
You barely miss the sky beast.
The sky beast is heavily wounded.
The sky beast hits you.
* * * LOW HITPOINT WARNING * * *
The sky beast shocks you.
You die...

##.# ### #........... #.#
#.#### #.......#######..
#.######.##.## ######.## ####.
#............# #. ##....
#............# #.# ##...รท.
##...........# ..####......
#....)......## .#..........
#............#####....##.......
#.####.####...@Y......##.#...<.
#.# #.# #...##.##.#>##.##...#
#>. #.# ###..#.# ##### ### #.#
##...# ###. #.# .#.... ..# #...
#.# ...##.# .. #.## #.# #..# #
#.####... ... ... ##..#.....
..#. ........#


You could see a sky beast.

Vanquished Creatures
  Terence (D:2)
  An adder (D:3)
  3 worms (D:3)
  A dart slug (D:1)
  An orc (D:3)
  4 endoplasms
  3 giant cockroaches
  4 goblins
  3 hobgoblins
  A quokka (D:3)
  4 ball pythons
  3 bats
  A frilled lizard (D:1)
  A kobold (D:1)
  3 rats
34 creatures vanquished.

Notes
Turn   | Place    | Note
-------+----------+-------------------------------------------
     0 | D:1      | Kurtz the Octopode Fighter began the quest for the Orb.
     0 | D:1      | Reached XP level 1. HP: 16/16 MP: 1/1
   288 | D:1      | Reached XP level 2. HP: 15/21 MP: 2/2
   539 | D:1      | Reached skill level 3 in Axes
  1219 | D:2      | Found Xomiudu's Jewellery Boutique.
  1305 | D:2      | Reached XP level 3. HP: 26/26 MP: 3/3
  1422 | D:2      | Noticed Terence
  1427 | D:2      | Killed Terence
  1428 | D:2      | Reached skill level 4 in Axes
  1656 | D:3      | Reached XP level 4. HP: 31/31 MP: 4/4
  1809 | D:3      | Noticed a sky beast
  1964 | D:3      | Found a radiant altar of Vehumet.
  1964 | D:3      | Noticed a charred statue
  2059 | D:3      | Slain by a sky beast

Illustrated notes

Levels and vault maps discovered:
D:1:      pf_arrival_petrified_forest, layout_basic, serial_corexii_hall,
          corexii_hall_statues_i, corexii_hall_statues_l,
          corexii_hall_statues_x, chequers_hall_statues_wall_a,
          corexii_hall_statues_u, chequers_hall_statues_wall_a
D:2:      layout_basic, serial_shops, shop, roderic_roman_lattice, minivault_25,
          grunt_decor_mini_mirrors, uniq_terence
D:3:      layout_rooms, vehumet_statue, mainiacjoe_overflow_alcove_4

Skill      XL: |  1  2  3 |
---------------+----------+-----
Axes           | 3 4 |  4.5
Fighting       | |  3.0
Dodging        | |  3.0
Shields        | |  3.0

Action                     |  1- 3 |  4- 6 || total
---------------------------+-------+-------++-------
  Melee: War axe           |    43 |    24 ||    67
         Constrict         |    13 |     7 ||    20
         Tentacles         |    10 |     6 ||    16
         Punch             |     1 |       ||     1
    Use: Potion            |       |     1 ||     1
   Stab: Sleeping          |     5 |     2 ||     7
 Armour: Skin              |    17 |     9 ||    26
  Dodge: Dodged            |    17 |    15 ||    32
  Block: Buckler           |     8 |     6 ||    14

Table legend: (Time is in decaauts)
 A = Elapsed time spent in this place.
 B = Non-inter-level travel time spent in this place.
 C = Inter-level travel time spent in this place.
 D = Time resting spent in this place.
 E = Time spent auto-exploring this place.
 F = Levels seen in this place.
 G = Mean time per level.
                   A        B        C        D        E       F      G
               +--------+--------+--------+--------+--------+-----+--------+
         Total |   2083 |   1990 |     93 |     43 |   1646 |   3 |  694.3 |
       Dungeon |   2083 |   1990 |     93 |     43 |   1646 |   3 |  694.3 |
               +--------+--------+--------+--------+--------+-----+--------+

Top non-repeatable levels by time:
     D:1: 1007 daAuts
     D:2: 713 daAuts
     D:3: 361 daAuts
